Workbook
Name \w: #N/A
Name \X: #N/A
Name _____________________________________________________TEP44: #N/A
Name _____________________________________________________TZ216: #N/A
Name ____________________________________________________TPE1132: #N/A
Name ____________________________________________________TPE1331: #N/A
Name ____________________________________________________TPE1702: #N/A
Name ____________________________________________________TPE1703: #N/A
Name ____________________________________________________TPE1704: #N/A
Name ____________________________________________________TPE1706: #N/A
Name ____________________________________________________TPE1708: #N/A
Name ____________________________________________________TPE1710: #N/A
Name ____________________________________________________TPE1735: #N/A
Name ____________________________________________________TPE1763: #N/A
Name ____________________________________________________TPE1790: #N/A
Name ____________________________________________________TZ214: #N/A
Name ____________________________________________________TZ32510: #N/A
Name ___________________________________________________Cod1: #N/A
Name ___________________________________________________TEP44: #N/A
Name ___________________________________________________TZ216: #N/A
Name __________________________________________________TEP44: #N/A
Name __________________________________________________TPE1132: #N/A
Name __________________________________________________TPE1331: #N/A
Name __________________________________________________TPE1702: #N/A
Name __________________________________________________TPE1703: #N/A
Name __________________________________________________TPE1704: #N/A
Name __________________________________________________TPE1706: #N/A
Name __________________________________________________TPE1708: #N/A
Name __________________________________________________TPE1710: #N/A
Name __________________________________________________TPE1735: #N/A
Name __________________________________________________TPE1763: #N/A
Name __________________________________________________TPE1790: #N/A
Name __________________________________________________TZ214: #N/A
Name __________________________________________________TZ216: #N/A
Name __________________________________________________TZ32510: #N/A
Name _________________________________________________TEP44: #N/A
Name _________________________________________________TPE1132: #N/A
Name _________________________________________________TPE1331: #N/A
Name _________________________________________________TPE1702: #N/A
Name _________________________________________________TPE1703: #N/A
Name _________________________________________________TPE1704: #N/A
Name _________________________________________________TPE1706: #N/A
Name _________________________________________________TPE1708: #N/A
Name _________________________________________________TPE1710: #N/A
Name _________________________________________________TPE1735: #N/A
Name _________________________________________________TPE1763: #N/A
Name _________________________________________________TPE1790: #N/A
Name _________________________________________________TZ214: #N/A
Name _________________________________________________TZ216: #N/A
Name _________________________________________________TZ32510: #N/A
Name ________________________________________________TEP44: #N/A
Name ________________________________________________TPE1132: #N/A
Name ________________________________________________TPE1331: #N/A
Name ________________________________________________TPE1702: #N/A
Name ________________________________________________TPE1703: #N/A
Name ________________________________________________TPE1704: #N/A
Name ________________________________________________TPE1706: #N/A
Name ________________________________________________TPE1708: #N/A
Name ________________________________________________TPE1710: #N/A
Name ________________________________________________TPE1735: #N/A

Sheet Información general
B14: PROPUESTA ECONÓMICA
B16: I. INFORMACIÓN GENERAL
B17: NOMBRE PROVEEDOR
B18: NIT
B19: REGIMEN DE TRIBUTACIÓN
B20: FECHA DE COTIZACIÓN
B21: TIEMPO DE ENTREGA DÍAS CALENDARIO
B22: VIGENCIA DE COTIZACIÓN
B23: MONEDA
B24: GARANTÍAS OFRECIDAS
B26: NOTA: | C26: La propuesta economica debe incluir todos los costos asociados a la prestación del servicio y/o entrega del bien o servicio
B29: II. DATOS DE CONTACTO
B30: NOMBRE PERSONA DE CONTACTO
B31: CORREO
B32: CELULAR / TELÉFONO
B33: NOMBRE REPRESENTANTE LEGAL
B34: FIRMA REPRESENTANTE LEGAL O TITULAR (PERSONA NATURAL)
B36: FIRMA ABONO DE LA PROPUESTA (SI APLICA)

Sheet RESUMEN
B1: =+C3 -> Reparaciones locativas en la Unidad de Servicios Aburrá Norte, en el municipio de Bello, Antioquia. | C1: #VALUE!
B2: DATOS INICIALES DEL PROYECTO
B3: NOMBRE DEL PROYECTO | C3: Reparaciones locativas en la Unidad de Servicios Aburrá Norte, en el municipio de Bello, Antioquia.
B4: VALOR SALARIO MÍNIMO ESTIMADO AÑO DE VIGENCIA (2026) | D4: 1750905
B5: VALOR AUXILIO DE TRANSPORTE ESTIMADO AÑO DE VIGENCIA (2026) | D5: 249095
B6: DURACIÓN ESTIMADA DEL PROYECTO (MESES) | C6: 7
B7: VALOR ESTIMADO DE LA INTERVENCIÓN
B8: COSTOS DIRECTOS | D8: =+'PPTO GRAL'!G157 -> 0
B9: ADMINISTRACIÓN | C9: =+AU!K65 -> 0 | D9: =ROUNDUP(D8*C9,0) -> 0
B10: UTILIDAD | C10: =+AU!K66 -> 0 | D10: =ROUNDUP((+D8*C10),0) -> 0
B11: IVA SOBRE UTILIDAD | C11: 0.19 | D11: =ROUNDUP((+D10*C11),0) -> 0
B12: POLIZAS
B13: VALOR TOTAL OBRA CIVIL | D13: =SUM(D8:D12) -> 0

Sheet PPTO GRAL
B2: =+RESUMEN!C3 -> Reparaciones locativas en la Unidad de Servicios Aburrá Norte, en el municipio de Bello, Antioquia. | G2: #VALUE!
B3: PRESUPUESTO GENERAL OBRA CIVIL
C5: DESCRIPCIÓN | D5: UNIDAD | E5: CANTIDAD | F5: VLR UNITARIO | G5: VLR TOTAL
B6: 1 | C6: RETIROS, DEMOLICIONES Y PRELIMINARES | G6: =SUM(G7:G28) -> 0
B7: 1.1 | C7: RETIRO DE CIELO FALSO, en cualquier material, madera, drywall. Incluye lámina, perfiles, estructura de madera, cargue, transporte y botada de material sobrante en sitios autorizados y la recuperación de los materiales aprovechables y/o su transporte hasta la bodega o el sitio que indique la interventoría. | D7: m2 | E7: 275.55 | G7: =+IFERROR(ROUND(F7*E7,0),0) -> 0
B8: 1.2 | C8: DESMONTE DE DIVISIONES LIVIANAS EXISTENTES EN MATERIALES VARIOS (drywall, divisiones modulares con vidrio, divisiones en madera y divisiones en vidrio ) con espesores variables, incluye demolición de revoques y enchapes aplicados al muro a demoler, retiro de panel de yeso cartón y/o fibrocemento, retiro de perfileria metalica ,refuerzos metalicos y de madera, frescasa, espejos, vidrios,zocalos, además la empacada del material desmontado, transporte interno y externo, botada de material y recuperación de los materiales aprovechables, andamios y todo lo necesario para su correcta ejecución. | D8: m2 | E8: 74.34 | G8: =+IFERROR(ROUND(F8*E8,0),0) -> 0
B9: 1.3 | C9: RETIRO DE PUERTAS (marco y ala) metálicas, en aluminio, en madera o puerta reja. Incluye el retiro, cargue, transporte, botada de escombros en botaderos oficiales y recuperación de los materiales aprovechables y su transporte hasta la bodega, botada o el sitio que lo indique la interventoría. Ancho variable desde 0,8 a 1,00 m, SE INCLUYEN 2 PUERTAS CORREDIZAS CON UN MARCO DE 1.70m. | D9: und | E9: 14 | G9: =+IFERROR(ROUND(F9*E9,0),0) -> 0
B10: 1.4 | C10: RETIRO DE APARATOS SANITARIOS, incluye el cargue, transporte, botada o recuperación de aparatos sanitarios, lavaderos, orinales. Incluye botada en botaderos oficiales y la recuperación de los materiales aprovechables y/o su transporte hasta la bodega o el sitio que indique la interventoría. | D10: und | E10: 25 | G10: =+IFERROR(ROUND(F10*E10,0),0) -> 0
B11: 1.5 | C11: DESMONTE PARCIAL DE DIVISIONES MODULARES en acero inoxidable en modulos de baños, incluye desmonte parcial para posterior reinstalación, cortes, retiro de pernos, platinas y anclajes, acopio y retiro a sitios definidos por entes supervisores garantizando la conservación del mismo. | D11: m2 | E11: 44.064 | G11: =+IFERROR(ROUND(F11*E11,0),0) -> 0
B12: 1.6 | C12: DESMONTE Y RETIRO DE MESÓN DE BAÑO, incluye retiros de lavamanos, tabiques de soporte, mesón en piedra, por medios manuales o mecánicos, acarreo interno y retiro a sitios definidos por entes supervisores. | D12: ml | E12: 8.36 | G12: =+IFERROR(ROUND(F12*E12,0),0) -> 0
B13: 1.7 | C13: DEMOLICIÓN DE ENCHAPE DE PISOS manual o mecanica, cargue, transporte y botada de escombros. Incluye retiro de enchape (baldosa, ceramica, baldosín, forros en arenón, madera, granito esmerilado, concreto, pisos en gres, vinilo, entre otros), incluye la demolición del mortero de nivelación, empacada de material residual en costales, acarreo interno y botada de escombros, así todo lo necesario para su correcta ejecución. | D13: m2 | E13: 142.03 | G13: =+IFERROR(ROUND(F13*E13,0),0) -> 0
B14: 1.8 | C14: DEMOLICIÓN DE ZOCALOS Y/O MEDIA CAÑAS, por medios manuales, Incluye la empacada de material residual en costales, acarreo interno y botada de escombros, así como todo lo necesario para su correcta ejecución. | D14: ml | E14: 361.6 | G14: =+IFERROR(ROUND(F14*E14,0),0) -> 0
B15: 1.9 | C15: RETIRO DE ESPEJOS, incluye el cargue, transporte, Incluye botada en botaderos oficiales y la recuperación de los materiales aprovechables y/o su transporte hasta la bodega o el sitio que indique la interventoría. | D15: und | E15: 4 | G15: =+IFERROR(ROUND(F15*E15,0),0) -> 0
B16: 1.10 | C16: DESMONTE DE PASAMANOS EN ACERO INOXIDABLE, incluye cortes, retiro de pernos, platinas y anclajes, así como la recuperación de los materiales aprovechables y su transporte interno y externo hasta el centro de acopio y botada de material sobrante. | D16: ml | E16: 53.32 | G16: =+IFERROR(ROUND(F16*E16,0),0) -> 0
B17: 1.11 | C17: DESMONTE DE FACHADA EN VIDRIO TEMPLADO EXISTENTE, incluye, retiro de sellos, perfilería, vidrios templados de alto calibre (fachada), así como los demás accesorios necesarios para la instalación y que sean complemento del mismo sistema, equipo requerido para el desarrollo de la labor (trabajo en alturas), así como andamios, equipos de altura, acarreo interno y acopio a sitio acordado por interventoria y/o entes supervisores, botada de material sobrante, contempla faja intermedia de LETRERO INSTITUCIONAL fijada a fachada y vidrio existente. | D17: m2 | E17: 58.0188 | G17: =+IFERROR(ROUND(F17*E17,0),0) -> 0
B18: 1.12 | C18: DESMONTE Y RETIRO DE LÁMINA METÁLICA en piso de balcones, incluye retiro de perfilería, anclajes, fijaciones, platinas y demás accesorios que complementen la instalación del mismo, acarreo interno y acopio a sitio acordado por interventoria y/o entes supervisores, botada de material sobrante. | D18: m2 | E18: 11.03 | G18: =+IFERROR(ROUND(F18*E18,0),0) -> 0
... B28: 1.24 | C28: DESMONTE DE LAVADERO EN GRANITO EXISTENTE piso 2, incluye botada | D28: und | E28: 1 | G28: =+IFERROR(ROUND(F28*E28,0),0) -> 0
B29: 2 | C29: INTERVENCIÓN CUBIERTA | G29: =SUM(G30:G37) -> 0
B30: 2.1 | C30: DEMOLICIÓN DE MORTERO DE NIVELACIÓN, incluye retiro de manto impermeabilizante existente, demolición de media cañas, ruanas, y demás, empacada de material residual en costales, acarreo interno y botada de escombros, así como todo lo necesario para su correcta ejecución. | D30: m2 | E30: 41.2 | G30: =+IFERROR(ROUND(F30*E30,0),0) -> 0
B31: 2.2 | C31: IMPERMEABILIZACIÓN DE LOSA EN CONCRETO mediante la instalación de manto asfáltico modificado APP tipo fiberglass P3. Incluye mortero 1:4 espesor 3 a 5 cm, pendientes, emulsión asfáltica, mediacaña, regata y todo lo necesario para su correcta construcción. Elemento aislante protector (polietileno o tela asfáltica) entre el impermeabilizante y el mortero, además de aplicar los productos por personal autorizado por el productor del material. Ver recomendación Geotecnista | D31: m2 | E31: 41.2 | G31: =+IFERROR(ROUND(F31*E31,0),0) -> 0
B32: 2.3 | C32: RETIRO DE RUANA Y/O EPOXICO IMPERMEABILIZANTE en perimetro de cubierta, incluye empacada de material residual en costales, acarreo interno y botada de escombros, así como todo lo necesario para su correcta ejecución. | D32: ml | E32: 105.52 | G32: =+IFERROR(ROUND(F32*E32,0),0) -> 0
B33: 2.4 | C33: SUMINISTRO Y APLICACIÓN DE EMULSIÓN ASFÁLTICA IMPERMEABILIZANTE para sello de bajantes (emboquillado) con la base de la cubierta, incluye empacada de material residual en costales, acarreo interno y botada de escombros, así como todo lo necesario para su correcta ejecución. | D33: und | E33: 12 | G33: =+IFERROR(ROUND(F33*E33,0),0) -> 0
B34: 2.5 | C34: SUMINISTRO E INSTALACIÓN DE RUANA compuesta por cinta asfaltica autoimprimante con refuerzo de aluminio en perimetro de cubierta, a una altura aproximada de 60cm desde la base de la cubierta, incluye empacada de material residual en costales, acarreo interno y botada de escombros, así como todo lo necesario para su correcta ejecución. | D34: ml | E34: 105.52 | G34: =+IFERROR(ROUND(F34*E34,0),0) -> 0
B35: 2.6 | C35: MANTENIMIENTO DE CANOAS en cualquier tipo de cubierta y a cualquier nivel de altura, con un desarrollo máximo de hasta 1,00 m. Incluye: limpieza, sello de empates, ajuste de todos los remaches y/o tornillos y cada uno de sus elementos que lo componen, mano de obra, materiales, equipos, herramientas y todos los demás elementos necesarios para su correcta limpieza y mantenimiento. | D35: ml | E35: 76.3 | G35: =+IFERROR(ROUND(F35*E35,0),0) -> 0
B36: 2.7 | C36: Suministro y aplicación de PINTURA ANTICORROSIVA EN RUANAS Y CANOAS, con un desarrollo máximo de hasta 1,00 m, incluyendo limpieza y preparación de superficies mediante retiro de óxido, grasas y contaminantes; aplicación del recubrimiento conforme a especificaciones técnicas del fabricante; mano de obra calificada; transporte y acarreo de materiales; suministro de herramientas, insumos y equipos certificados para trabajos en altura, necesarios para garantizar una aplicación uniforme, continua y de adecuada adherencia. | D36: ml | E36: 76.3 | G36: =+IFERROR(ROUND(F36*E36,0),0) -> 0
B37: 2.8 | C37: LAVADO DE CUBIERTA TRANSLUCIDA (ZONA DE TRAGALUZ) MEDIANTE HIDROLAVADORA, incluyendo retiro de suciedad, hongos o incrustaciones, enjuague y secado. Incluye mano de obra, equipos, elementos de protección personal, herramientas, limpieza final y disposición adecuada de residuos. | D37: m2 | E37: 24.3 | G37: =+IFERROR(ROUND(F37*E37,0),0) -> 0
B38: 3 | C38: MAMPOSTERÍA, MUROS LIVIANOS,DIVISIONES EN VIDRIO, CIELO FALSO, FACHADAS. | G38: =SUM(G39:G48) -> 0
B39: 3.1 | C39: Construcción de MURO FALSO CON PLACAS DE PLACA DE FIBROCEMENTO 8mm doble cara, instaladas sobre estructura en perfilería galvanizada compuesta por perfiles tipo Omega calibre 26 cada 0,60 m y elementos de rigidización (parales) según modulación estructural. Incluye dilatación perimetral en perfil tipo Z, fijación con tornillería autorroscante, tratamiento de juntas con cinta y malla, aplicación de masilla, fajas y acabado final con pintura tipo 1 (según diseño). Incluye remates perimetrales, apertura de vanos para luminarias, fijaciones, transporte de materiales, mano de obra, herramientas y todos los elementos necesarios para su correcta instalación y funcionamiento, INCLUYE RELLENO CON FRESCASA 3mm PARA AISLAMIENTO TERMOACUSTICO. | D39: m2 | E39: 77.737 | G39: =+IFERROR(ROUND(F39*E39,0),0) -> 0
B40: 3.2 | C40: SUMINISTRO, TRANSPORTE E INSTALACIÓN DE LISTONES EN MADERA PLÁSTICA para refuerzo de anclajes para puertas, ventanas y equipos. Incluye todo lo necesario para su correcta instalación. Previa autorización de la supervisión. | D40: ml | E40: 67.7 | G40: =+IFERROR(ROUND(F40*E40,0),0) -> 0
B41: 3.3 | C41: SUMINISTRO, TRANSPORTE E INSTALACIÓN DE DIVISIONES INTERNAS EN VIDRIO TEMPLADO, incluye cerramiento en vidrio templado 8mm, tope laterales, zocalo superior e inferior, estructura y perfilería y entrepaños, así como remate y acabado final. | D41: m2 | E41: 61.764 | G41: =+IFERROR(ROUND(F41*E41,0),0) -> 0
B42: 3.4 | C42: SUMINISTRO, TRANSPORTE E INSTALACIÓN DE PUERTA BATIENTE, en vidrio templado de 8mm , medidas 1.00 x 2.00m, perfil de soporte en la parte inferior y superior,según diseño ( Ver detalle sección de corte ) Incluye tiradera larga, sistema de fijación y todos los demás elementos necesarios para su correcta instalación y funcionamiento, previa aprobación de la interventoría. | D42: und | E42: 2 | G42: =+IFERROR(ROUND(F42*E42,0),0) -> 0
B43: 3.5 | C43: SUMINISTRO E INSTALACIÓN DE FACHADA EN VIDRIO TEMPLADO, incluye pelicula de polivinil transparente en fachada, refuerzo en aluminio natural mate sistema 3890 perfil 1101 con vidrio templado 10mm, canto a canto, modulación según esquema, cambio de pisa vidrios, cambio de empaques, sellos con poliuretano, perfilería y accesorios necesarios para la correcta instalación. (trabajo en alturas) | D43: m2 | E43: 54.17 | G43: =+IFERROR(ROUND(F43*E43,0),0) -> 0
B44: 3.6 | C44: CONSTRUCCIÓN DE CIELO FALSO, placa de yeso Reg. 1/2", estructura en perfil galvanizado PC 5/8" C. 26 cada 1 m.Omega C. 26 cada 0,60 m, dilatación perimetral en Z, cinta de papel, tornilleria, masilla, fajas, fijaciones, remates perimetrales, apertura vano para luminaria y todo lo necesario para su correcta instalación y funcionamiento. (Su medida es horizontal) Incluye sumnistro y transporte de los materiales. | D44: m2 | E44: 563.37 | G44: =+IFERROR(ROUND(F44*E44,0),0) -> 0
B45: 3.7 | C45: RESANE DE FAJA DE LOSA, incluye limpieza, remoción de pintura, escarificación de superficie, resane y pintura. Inlcuye equipo de altura y demás actividades necesarias. | D45: m2 | E45: 12.17 | G45: =+IFERROR(ROUND(F45*E45,0),0) -> 0
B46: 3.8 | C46: REINSTALACIÓN DE DIVISIONES MODULARES EN ACERO INOXIDABLE para baños, incluye montaje, pernos, anclajes y accesorios necesarios para la correcta instalación de las mismas. | D46: m2 | E46: 38.86 | G46: =+IFERROR(ROUND(F46*E46,0),0) -> 0
B47: 3.9 | C47: INSTALACIÓN DE DIVISIÓN MÓVIL ACÚSTICA (zona auditorio), compuesta por sistema de paneles compuestos por materiales con aislamiento termoacustico capacidad de aislamiento igual o superior a 50 dB, con acabado melamínico, incluye sistema de rieles para desplazamiento unidireccional con platinas, espárragos, y demás elementos necesarios para su fijación, dintel y tabique acustico para remate de divisiones. (medidas de vano requerido 6,50 x 2,80m) | D47: glb | E47: 1 | G47: =+IFERROR(ROUND(F47*E47,0),0) -> 0
B48: 3.10 | C48: INSTALACIÓN DE DIVISIÓN MÓVIL (aula gastronomica), compuesta por sistema de divisiones modulares, con acabado melamínico, incluye sistema de rieles para desplazamiento unidireccional con platinas, espárragos, y demás elementos necesarios para su fijación, dintel y tabique acustico para remate de divisiones. (medidas de vano requerido 6,76 x 2,80m) | D48: glb | E48: 1 | G48: =+IFERROR(ROUND(F48*E48,0),0) -> 0
B49: 4 | C49: ESTUCO, PINTURA, OBRA BLANCA. | G49: =SUM(G50:G56) -> 0
B50: 4.1 | C50: SUMINISTRO Y APLICACIÓN DE PINTURA A BASE DE AGUA EN CUBIERTA DE BAÑOS, CON PINTURA INTERIOR ALTA ASEPSIA (según especificación de diseño) de primera calidad sobre cielos en concreto, dos manos o las necesarias hasta obtener una superficie pareja y homogénea, incluye suministro y transporte de los materiales, resanes y reparación de juntas, tapa poros en estuco plástico, adecuación de la superficie (la medida se toma como proyección horizontal) | D50: m2 | E50: 101.44 | G50: =+IFERROR(ROUND(F50*E50,0),0) -> 0
B51: 4.2 | C51: SUMINISTRO Y APLICACIÓN DE PINTURA A BASE DE AGUA EN MUROS, CON VINILO TIPO 1 de primera calidad sobre muros revocados y/o estucados, tres manos o las necesarias hasta obtener una superficie pareja y homogénea. Incluye suministro y transporte de los materiales, resanes, tapa poros en estuco plástico tipo plastestuco o equivalente diluido en agua proporción 1:2, adecuación de la superficie a intervenir hasta obtener una superficie pareja y homogénea, color a definir según aprobación de la interventoría. | D51: m2 | E51: 526.35 | G51: =+IFERROR(ROUND(F51*E51,0),0) -> 0
B52: 4.3 | C52: SUMINISTRO Y APLICACIÓN DE PINTURA ACRÍLICA PARA INTERIOR ALTA ASEPSIA (COLORES POR DEFINIR) de primera calidad sobre muros revocados y/o estucados, tres manos o las necesarias hasta obtener una superficie pareja y homogénea. Incluye suministro y transporte de los materiales, resanes, tapa poros en estuco plástico tipo plastestuco o equivalente diluido en agua proporción 1:2, adecuación de la superficie a intervenir hasta obtener una superficie pareja y homogénea, color a definir según aprobación de la interventoría. | D52: m2 | E52: 180.908 | G52: =+IFERROR(ROUND(F52*E52,0),0) -> 0
B53: 4.4 | C53: SUMINISTRO Y COLOCACIÓN DE ESTUCO ACRÍLICO PROFESIONAL, SOBRE MUROS LIVIANOS O MUROS EN MAMPOSTERÍA EXISTENTES, 2 manos mínimo, o las que sean necesarias para obtener una superficie pareja y homogénea. Incluye suministro y transporte de los materiales, ranuras, filetes, dilataciones y todos los elementos necesarios para su correcta aplicación y funcionamiento. | D53: m2 | E53: 704.328 | G53: =+IFERROR(ROUND(F53*E53,0),0) -> 0
B54: 4.5 | C54: Aplicación de PINTURA TIPO KORAZA EN MUROS EXTERIORES colores entonados, por definir según equipo creativo, de primera calidad sobre muros revocados y/o estucados, tres manos o las necesarias hasta obtener una superficie pareja y homogénea. Incluye suministro y transporte de los materiales, adecuación de la superficie a intervenir hasta obtener una superficie pareja y homogénea, color a definir según aprobación de la interventoría. | D54: m2 | E54: 26.64 | G54: =+IFERROR(ROUND(F54*E54,0),0) -> 0
B55: 4.6 | C55: SUMINISTRO Y COLOCACIÓN DE ESTUCO ACRÍLICO SOBRE MURO RÚSTICO, incluye preparación de superficie (limpieza, retiro de partículas sueltas), resane de fisuras menores, curado, y limpieza final. Incluye materiales, mano de obra, herramientas, equipos y todos los elementos necesarios para su correcta ejecución, apto para exposición a la intemperie. | D55: m2 | E55: 26.64 | G55: =+IFERROR(ROUND(F55*E55,0),0) -> 0
B56: 4.7 | C56: SUMINISTRO E INSTALACIÓN DE MEDIA CAÑA EN PVC, color blanco, para remate de cielo con pared en aula de gastronomía. | D56: ml | E56: 32.38 | G56: =+IFERROR(ROUND(F56*E56,0),0) -> 0
B57: 5 | C57: ENCHAPES Y PISOS | G57: =SUM(G58:G71) -> 0
B58: 5.1 | C58: SUMINISTRO Y APLICACIÓN DE MORTERO 1:5 de NIVELACIÓN, espesor variable de 4 a 6cm, para nivelación de zona posterior al retiro del piso existente Incluye suministro y transporte de los materiales y todo lo necesario para su correcta construcción y funcionamiento. (este item será ejecutado a criterio del supervisor posterior al retiro del piso existente) | D58: m2 | E58: 107.49 | G58: =+IFERROR(ROUND(F58*E58,0),0) -> 0
B59: 5.2 | C59: SUMINISTRO E INSTALACIÓN DE PISO PORCELANATO Nuevo Boss Gris Claro Caro Diferenciadas 60X60, Incluye suministro y transporte de los materiales, adhesivo pegacor max o equivalente, boquilla Juntta gris o equivalente,y todos los demás elementos necesarios para su correcta construcción y funcionamiento. Muestras previas y color para la aprobación del arquitecto y la interventoría. Los ensayos que se requieran serán por cuenta del contratista y las muestras se escogerán del material puesto en obra. | D59: m2 | E59: 49.63 | G59: =+IFERROR(ROUND(F59*E59,0),0) -> 0
B60: 5.3 | C60: SUMINISTRO E INSTALACIÓN DE ZÓCALO 10cm Ref: Nuevo Boss Gris Claro Caras Diferenciadas Incluye suministro y transporte de los materiales, mortero adhesivo para enchapes tipo pegacor o equivalente, lechada preparada (boquilla) tipo Concolor de sumicol o equivalente. | D60: ml | E60: 69.32 | G60: =+IFERROR(ROUND(F60*E60,0),0) -> 0
B61: 5.4 | C61: SUMINISTRO E INSTALACIÓN ENCHAPE DE PARED BRICK BISELADO CARA ÚNICA10x20, Incluye suministro y transporte de los materiales, adhesivo o equivalente, boquilla Juntta gris o equivalente, juntas de dilatación elastoméricas tipo sikaflex o equivalente color gris de 10 mm. cada 15 m² y todos los demás elementos necesarios para su correcta construcción y funcionamiento. Muestras previas y color para la aprobación del arquitecto y la interventoría. Los ensayos que se requieran serán por cuenta del contratista y las muestras se escogerán del material puesto en obra. | D61: m2 | E61: 50.98 | G61: =+IFERROR(ROUND(F61*E61,0),0) -> 0
B62: 5.5 | C62: CONSTRUCCIÓN DE FAJA DE TRANSICIÓN DE MATERIALES en concreto pulido de 28MPa, incluye concreto, cepillado, acabado con pulidora y malla electrosoldada (ancho 10cm) | D62: ml | E62: 5 | G62: =+IFERROR(ROUND(F62*E62,0),0) -> 0
B63: 5.7 | C63: CIERRE DE VACÍOS POR MEDIO DE PISO EN PLACA DE FIBROCEMENTO - SUPERBOARD DE 17mm, estructura en perfil galvanizado PC 5/8" C 26, cinta de papel y tratamiento de juntas, tornilleria, masilla, fajas, incluye tratamiento de juntas con malla y masilla, Incluye sumnistro y transporte de los materiales. | D63: m2 | E63: 24.27 | G63: =+IFERROR(ROUND(F63*E63,0),0) -> 0
B64: 5.8 | C64: COLOCACIÓN DE MORTERO DE NIVELACIÓN 1:5 para zona de media luna, cuyo espesor va hasta 5cms. Para nivelacion de zona en transicion de los nuevos pisos en toda el area. Incluye suministro y transporte de los materiales, dilatación metálica y todos los demás elementos necesarios para su correcta construcción, incluye el suministro de sikaflex para tratamiento de juntas de dilatación. | D64: m2 | E64: 24.27 | G64: =+IFERROR(ROUND(F64*E64,0),0) -> 0
B65: 5.9 | C65: Colocación de PISO TABLÓN EN GRES TRADICION 30X30 ALFA COLOR SAHARA, tráfico comercial alto. Incluye suministro y transporte de los materiales y todo lo necesario para su correcta instalación y mantenimiento. (sala de gastronomía) | D65: m2 | E65: 57.89 | G65: =+IFERROR(ROUND(F65*E65,0),0) -> 0
B66: 5.10 | C66: SUMINISTRO E INSTALACIÓN DE ZÓCALO 10cm SPC Ref: HDF, COLOR TIPO MADERA O SIMILAR Incluye suministro y transporte de los materiales. | D66: ml | E66: 278.95 | G66: =+IFERROR(ROUND(F66*E66,0),0) -> 0
B67: 5.11 | C67: Colocación de PISO EN SPC Ref: HDF, TIPO MADERA O SIMILAR (A DEFINIR) , calibre 8 mm con acabado liso, tráfico comercial alto. Incluye suministro y transporte de los materiales y todo lo necesario para su correcta instalación y mantenimiento. | D67: m2 | E67: 460.57 | G67: =+IFERROR(ROUND(F67*E67,0),0) -> 0
B68: 5.12 | C68: CONSTRUCCIÓN DE RAMPA PARA ACCESO A BAÑOS, sobre losa existente, en Concreto de 21 Mpa., espesor de 12 cm, nivelado y texturizado para instalación de piso SPC (Pagado en su respectivo item). Incluye suministro y transporte de los materiales, formaleta de primera calidad en súper "T" de 19 mm., malla electrosoldada D-84, vibrado, protección, curado y todos los demás elementos necesarios para su correcta construcción. En el vaciado se deben dejar los elementos necesarios para anclaje de pasamanos, por ningún motivo se pagaran anclajes. Según diseño | D68: m2 | E68: 7.59 | G68: =+IFERROR(ROUND(F68*E68,0),0) -> 0
B69: 5.13 | C69: Construcción de GUARDA ESCOBA EN MEDIA CAÑA zócalo sanitario color sahara (SALÓN DE COCINA) de la misma dosificación y especificación de la baldosa formato 24,5x9x9. Incluye suministro y transporte de los materiales, mortero de pega 1:4, lechada y remates, pulida y brillada, y todo lo necesario para su correcta construcción y funcionamiento. Según diseño. | D69: ml | E69: 26.88 | G69: =+IFERROR(ROUND(F69*E69,0),0) -> 0
... B71: 5.15 | C71: SUMINISTRO E INSTALACIÓN DE ZÓCALO 10cm Ref: Nuevo Boss BEIGE Caras Diferenciadas Incluye suministro y transporte de los materiales, mortero adhesivo para enchapes tipo pegacor o equivalente, lechada preparada (boquilla) tipo Concolor de sumicol o equivalente. | D71: ml | E71: 36.7 | G71: =+IFERROR(ROUND(F71*E71,0),0) -> 0
B72: 6 | C72: APARATOS SANITARIOS, GRIFERÍA Y ACCESORIOS | G72: =SUM(G73:G82) -> 0
B73: 6.1 | C73: SUMINISTRO E INSTALACIÓN DE SANITARIO AQUA JET PRO color BLANCO, diseño de dos piezas, incluye el suministro y transporte del sanitario, sifón esmaltado, grifería antisifón, anillo abierto, abasto metálico, válvula de regulación metálica con manguera flexible, brida de fijación, tapón roscado y todos los demás elementos necesarios para su correcta instalación y funcionamiento. | D73: und | E73: 11 | G73: =+IFERROR(ROUND(F73*E73,0),0) -> 0
B74: 6.2 | C74: Suministro, transporte y colocación de ORINAL ALONGADO de entrada posterior color BLANCO con válvula push de empotrar, marca AyA o similar, accesorios de soporte y todos los demás elementos necesarios para su correcta instalación y funcionamiento. | D74: und | E74: 4 | G74: =+IFERROR(ROUND(F74*E74,0),0) -> 0
B75: 6.3 | C75: SUMINISTRO, TRANSPORTE E INSTALACIÓN DE MESÓN EN QUARTZTONE 12mm POLAR BLANCO O SIMILAR (ancho de 55cm) para incrustación de lavamanos en acero inoxidable diam 40cm, incluye soportes, estructura y salpicadero de 8cm | D75: m2 | E75: 8.32 | G75: =+IFERROR(ROUND(F75*E75,0),0) -> 0
B76: 6.4 | C76: SUMINISTRO, TRANSPORTE E INSTALACIÓN DE LAVAMANOS ESFERICO DE SOBREPONER institucional en acero inoxidable 42cm de diametro. Incluye Grifería Llave Push Lavamanos Institucional, abasto metálico acabado cromado, sifón botella, emboquillado con silicona antihongos y todos los demás elementos necesarios para su correcta instalación y funcionamiento | D76: und | E76: 10 | G76: =+IFERROR(ROUND(F76*E76,0),0) -> 0
B77: 6.5 | C77: SUMINISTRO, TRANSPORTE E INSTALACIÓN DE LAVAMANOS FREE INSTITUCIONAL color BLANCO. Incluye Grifería Llave Push Lavamanos Institucional, abasto metálico acabado cromado, sifón botella, emboquillado con silicona antihongos y todos los demás elementos necesarios para su correcta instalación y funcionamiento. | D77: und | E77: 1 | G77: =+IFERROR(ROUND(F77*E77,0),0) -> 0
B78: 6.6 | C78: Suministro, transporte e Instalación de REJILLA DE PISO PARA DESAGUE, en aluminio cuadrada, de 3"x2" anticucarachas tipo COLREJILLAS o similar, incluye reparaciones en enchapes y/o pisos y el retiro de la existente y la botada de material resultante de la reparación de los enchapes. | D78: und | E78: 5 | G78: =+IFERROR(ROUND(F78*E78,0),0) -> 0
B79: 6.7 | C79: SUMINISTRO, TRANSPORTE E INSTALACIÓN DE LAVADERO 40 x 40 x 25 cm Granito Pulido. fondo gris. Incluye mortero 1:4, llave bocamanguera, sifón y todo los demás elementos necesarios para su correcta instalación y funcionamiento. | D79: und | E79: 2 | G79: =+IFERROR(ROUND(F79*E79,0),0) -> 0
B80: 6.8 | C80: Suministro e instalación de CAMBIADOR DE PAÑALES INSTITUCIONAL de fijación en pared, dimensiones aproximadas 85x58x49cm (abierto), color crema blanco, incluye accesorios para fijación, anclajes y otros items necesarios para su correcta instalación. | D80: und | E80: 2 | G80: =+IFERROR(ROUND(F80*E80,0),0) -> 0
B81: 6.9 | C81: Suministro e instalación de ESPEJO FLOTADO RETROILUMINADO ovalado, con marco metalico negro y vidrio de e=6mm, incluye suministro e instalación de cintas led con difusor de incrustar para acabados de iluminación y demás items necesarios para su puesta en funcionamiento. | D81: und | E81: 11 | G81: =+IFERROR(ROUND(F81*E81,0),0) -> 0
B82: 6.10 | C82: SUMINISTRO E INSTALACIÓN DE ACCESORIOS DE SEGURIDAD para personas con movilidad reducida, incluye una (1) baranda abatible de 80cm , y una (1) barra de seguridad de pared de 24", anclajes, fijaciones y accesorios necesarios para la correcta instalación. | D82: und | E82: 1 | G82: =+IFERROR(ROUND(F82*E82,0),0) -> 0
B83: 7 | C83: REDES HIDROSANITARIAS | G83: =SUM(G84:G93) -> 0
B84: 7.1 | C84: Suministro, transporte e instalación de TUBERÍA PVC-P, RDE 21, 200 PSI, DIÁMETRO 1/2", incluye todos los accesorios en PVC de diámetro 1/2" incluyendo todos los accesorios reducidos que se requieran para su correcta instalación. Estos deberán estar correctamente pegados usando limpiador, soldadura y teflón apropiados, sin presentar fugas, fisuras o cualquier otra clase de anomalía. Se debe garantizar la correcta instalación y funcionamiento. Incluye además las perforaciones (canchas) de paredes o pisos que lo requieran incluyendo cargue, transporte y botada de escombros en botaderos oficiales o donde indique la interventoría. | D84: ml | E84: 62.4 | G84: =+IFERROR(ROUND(F84*E84,0),0) -> 0
B85: 7.2 | C85: Suministro, transporte e instalación de TUBERÍA PVC-P, RDE 21, 200 PSI, DIÁMETRO 3/4", incluye todos los accesorios en PVC de diámetro 3/4" incluyendo todos los accesorios reducidos que se requieran para su correcta instalación. Estos deberán estar correctamente pegados usando limpiador, soldadura y teflón apropiados, sin presentar fugas, fisuras o cualquier otra clase de anomalía. Se debe garantizar la correcta instalación y funcionamiento. Incluye además las perforaciones (canchas) de paredes o pisos que lo requieran incluyendo cargue, transporte y botada de escombros en botaderos oficiales o donde indique la interventoría. | D85: ml | E85: 31.2 | G85: =+IFERROR(ROUND(F85*E85,0),0) -> 0
B86: 7.3 | C86: Suministro transporte e instalacion de VÁLVULAS DE BOLA DE 1”PVC, incluyendo todos los accesorios reducidos que se requieran para su correcta instalación. | D86: und | E86: 5 | G86: =+IFERROR(ROUND(F86*E86,0),0) -> 0
B87: 7.4 | C87: Suministro transporte e instalacion de VÁLVULAS DE BOLA DE 3/4”PVC, incluyendo todos los accesorios reducidos que se requieran para su correcta instalación. | D87: und | E87: 26 | G87: =+IFERROR(ROUND(F87*E87,0),0) -> 0
B88: 7.5 | C88: Suministro transporte e instalacion de PUNTO HIDRÁULICO DE AGUA FRIA DE 3/4” en tuberia PVC-P, RDE 21, 200 PSI | D88: und | E88: 10 | G88: =+IFERROR(ROUND(F88*E88,0),0) -> 0
B89: 7.6 | C89: Suministro, transporte e instalación de TUBERÍA PVC-SANITARIA, CON UN DIÁMETRO DE 4". Incluye suministro y transporte de los materiales, accesorios de conexión y soporte, pegante, limpiador y todos los elementos necesarios para su correcta instalación y funcionamiento. | D89: ml | E89: 31.2 | G89: =+IFERROR(ROUND(F89*E89,0),0) -> 0
B90: 7.7 | C90: Suministro, transporte e instalación de TUBERÍA PVC-SANITARIA, CON UN DIÁMETRO DE 2". Incluye suministro y transporte de los materiales, accesorios de conexión y soporte, pegante, limpiador y todos los elementos necesarios para su correcta instalación y funcionamiento. | D90: ml | E90: 31.2 | G90: =+IFERROR(ROUND(F90*E90,0),0) -> 0
B91: 7.8 | C91: Suministro, transporte e instalación de SALIDA SANITARIA DE 4". Incluye todos los accesorios hasta el tapón de prueba. Se pagará dicha salida hasta un recorrido máximo de tubería no mayor a 1,5 m. Estos deberán estar correctamente pegados usando limpiador, soldadura y teflón apropiados, sin presentar fugas, fisuras o cualquier otra clase de anomalía. Incluye además las perforaciones (canchas) de paredes o pisos que lo requieran incluyendo cargue, transporte y botada de escombros en botaderos oficiales o donde indique la interventoría. | D91: und | E91: 5 | G91: =+IFERROR(ROUND(F91*E91,0),0) -> 0
B92: 7.9 | C92: Suministro, transporte e instalación de SALIDA SANITARIA DE 2". Incluye todos los accesorios hasta el tapón de prueba. Se pagará dicha salida hasta un recorrido máximo de tubería no mayor a 1,5 m. Estos deberán estar correctamente pegados usando limpiador, soldadura y teflón apropiados, sin presentar fugas, fisuras o cualquier otra clase de anomalía. Incluye además las perforaciones (canchas) de paredes o pisos que lo requieran incluyendo cargue, transporte y botada de escombros en botaderos oficiales o donde indique la interventoría. | D92: und | E92: 5 | G92: =+IFERROR(ROUND(F92*E92,0),0) -> 0
B93: 7.10 | C93: Suministro, transporte e instalación de VÁLVULA DE ADMISIÓN DE AIRE MINI-VENT 1 1/2 Pulg A 2 Pulg | D93: und | E93: 7 | G93: =+IFERROR(ROUND(F93*E93,0),0) -> 0
B94: 8 | C94: MOVILIDAD PMR - CIRCULACIONES | G94: =SUM(G95:G97) -> 0
B95: 8.1 | C95: SUMINISTRO E INSTALACION DE PASAMANOS EN ACERO INOXIDABLE APOYADO EN PISO calibre 18, parales y bolillo en tubería redonda 1 1/2", dos quitamiedos de 1/2" anclada al piso. | D95: ml | E95: 7.83 | G95: =+IFERROR(ROUND(F95*E95,0),0) -> 0
B96: 8.2 | C96: SUMINISTRO E INSTALACION DE PASAMANOS EN ACERO INOXIDABLE APOYADO EN PARED calibre 18, parales y bolillo en tubería redonda 1 1/2". | D96: ml | E96: 28.7 | G96: =+IFERROR(ROUND(F96*E96,0),0) -> 0
B97: 8.3 | C97: SUMINISTRO E INSTALACIÓN DE SILLAS SALVAESCALERAS PARA PMR, incluye plataforma de ascenso y descenso y sistema complementario, sistema conformado por 2 sillas salvaescaleras, de igual recorrido, recto de 17 peldaños de escalón (plataforma salva escalera - recta, medida en planos) y una longitud de trayecto (media en distancia horizontal) de 5,00m aproximadamente (acceso a la edificación y escaleras frontales nivel 2-3). Debido al reducido espacio disponible, corresponde a un dispositivo tipo silla salvaescaleras con apoyabrazos y apoyapiés, parecido al que actualmente existe en la sede (fuera de servicio). Son dos dispositivos, uno del primero al segundo piso, y otro del segundo al tercer piso, en recorrido completamente lineal y dos paradas cada uno (arriba y abajo), la pendiente aproximada del recorrido es de 31,5° y el recorrido total medido en su diagonal desde el piso inferior hasta el nivel superior de llegada es de 6,6m aproximadamente. La silla, apoyapiés y apoyabrazos deben ser abatibles de forma que reduzca lo menos posible el ancho útil de la escalera. La silla debe tener posibilidad de giro a 90 grados en llegada superior. Su capacidad de carga debe ser de 140 Kg. Accionamiento a través de botón en la propia silla o en control a distancia. En seguridad, el dispositivo debe contar con batería de respaldo en caso de corte de energía de forma que se pueda completar un recorrido, parada de emergencia y accionamiento manual de emergencia, sensores anticolisión y antiaplastamiento. Alimentación eléctrica a 220V. El ítem incluye toda la obra civil y adecuaciones eléctricas requeridas para su puesta en funcionamiento, pruebas técnicas, y garantía mínima de un (1) año, que incluye los mantenimientos requeridos durante ese periodo. Valor por cada dispositivo. | D97: und | E97: 2 | G97: =+IFERROR(ROUND(F97*E97,0),0) -> 0
B98: 9 | C98: CARPINTERÍA METÁLICA Y EN MADERA | G98: =SUM(G99:G109) -> 0
B99: 9.1 | C99: SUMINISTRO E INSTALACIÓN DE PUERTAS EN MADERA ENTAMBORADA COLOR ROVERE 0,60 x 2,10 m, resane de vano, fabricación en madera maciza o aglomerada según especificación, marcos y guardapolvos; herrajes completos (bisagras, cerradura y manija); ajuste, nivelación y correcta fijación; mano de obra calificada; transporte, acarreo de materiales, herramientas e insumos necesarios para su correcta instalación y funcionamiento. | D99: und | E99: 1 | G99: =+IFERROR(ROUND(F99*E99,0),0) -> 0
B100: 9.2 | C100: SUMINISTRO E INSTALACIÓN DE PUERTAS EN MADERA ENTAMBORADA COLOR ROVERE 0,85 x 2,10 m, resane de vano, fabricación en madera maciza o aglomerada según especificación, marcos y guardapolvos; herrajes completos (bisagras, cerradura y manija); ajuste, nivelación y correcta fijación; mano de obra calificada; transporte, acarreo de materiales, herramientas e insumos necesarios para su correcta instalación y funcionamiento. | D100: und | E100: 1 | G100: =+IFERROR(ROUND(F100*E100,0),0) -> 0
B101: 9.3 | C101: SUMINISTRO E INSTALACIÓN DE PUERTAS EN MADERA ENTAMBORADA 0,90 x 2,10 m DOBLE BATIENTE COLOR ROVERE, resane de vano, fabricación en madera maciza o aglomerada según especificación, marcos y guardapolvos; herrajes completos (bisagras, digital y manija); ajuste,nivelación y correcta fijación; mano de obra calificada; transporte, acarreo de materiales, herramientas e insumos necesarios para su correcta instalación y funcionamiento. | D101: und | E101: 2 | G101: =+IFERROR(ROUND(F101*E101,0),0) -> 0
B102: 9.4 | C102: SUMINISTRO E INSTALACIÓN DE PUERTAS EN MADERA ENTAMBORADA COLOR ROVERE 0,90 x 2,10 m, resane de vano, fabricación en madera maciza o aglomerada según especificación, marcos y guardapolvos; herrajes completos (bisagras, cerradura y manija); ajuste, nivelación y correcta fijación; mano de obra calificada; transporte, acarreo de materiales, herramientas e insumos necesarios para su correcta instalación y funcionamiento. | D102: und | E102: 1 | G102: =+IFERROR(ROUND(F102*E102,0),0) -> 0
B103: 9.5 | C103: SUMINISTRO E INSTALACIÓN DE PUERTAS EN MADERA ENTAMBORADA COLOR ROVERE 1,00 x 2,10 m, resane de vano, fabricación en madera maciza o aglomerada según especificación, marcos y guardapolvos; herrajes completos (bisagras, cerradura digital y manija); ajuste, nivelación y correcta fijación; mano de obra calificada; transporte, acarreo de materiales, herramientas e insumos necesarios para su correcta instalación y funcionamiento. | D103: und | E103: 5 | G103: =+IFERROR(ROUND(F103*E103,0),0) -> 0
B104: 9.6 | C104: SUMINISTRO E INSTALACIÓN DE PUERTAS EN MADERA ENTAMBORADA 1,20 x 2,10 m DOBLE BATIENTE, COLOR ROVERE, resane de vano, fabricación en madera maciza o aglomerada según especificación, marcos y guardapolvos; herrajes completos (bisagras, cerradura y manija); ajuste, nivelación y correcta fijación; mano de obra calificada; transporte, acarreo de materiales, herramientas e insumos necesarios para su correcta instalación y funcionamiento. | D104: und | E104: 1 | G104: =+IFERROR(ROUND(F104*E104,0),0) -> 0
B105: 9.7 | C105: SUMINISTRO E INSTALACIÓN DE PUERTAS EN MADERA ENTAMBORADA 1,40 x 2,10 m DOBLE BATIENTE, COLOR ROVERE, resane de vano, fabricación en madera maciza o aglomerada según especificación, marcos y guardapolvos; herrajes completos (bisagras, cerradura y manija); ajuste, nivelación y correcta fijación; mano de obra calificada; transporte, acarreo de materiales, herramientas e insumos necesarios para su correcta instalación y funcionamiento. | D105: und | E105: 1 | G105: =+IFERROR(ROUND(F105*E105,0),0) -> 0
B106: 9.8 | C106: SUMINISTRO E INSTALACIÓN DE PUERTAS EN MADERA ENTAMBORADA 1,50 x 2,10 m DOBLE BATIENTE, COLOR ROVERE, resane de vano, fabricación en madera maciza o aglomerada según especificación, marcos y guardapolvos; herrajes completos (bisagras, cerradura y manija); ajuste, nivelación y correcta fijación; mano de obra calificada; transporte, acarreo de materiales, herramientas e insumos necesarios para su correcta instalación y funcionamiento. | D106: und | E106: 1 | G106: =+IFERROR(ROUND(F106*E106,0),0) -> 0
B107: 9.9 | C107: SUMINISTRO E INSTALACIÓN DE VENTANA EN ALUMINIO ANODIZADO COLOR NATURAL, medidas 0,70x2,10m PARA REPOSICIÓN VENTANA EN FACHADA, incluye, ventana en aluminio, con vidrio templado de 5mm, fijaciones y accesorios, cargue, transporte y acarreo interno. | D107: und | E107: 1 | G107: =+IFERROR(ROUND(F107*E107,0),0) -> 0
B108: 9.10 | C108: Suministro, transporte e instalación de PUERTA PRINCIPAL DE SEGURIDAD, EN ALUMINIO DE 1,00 x 2,20m en lámina cold rolled cal. 14/16, con refuerzo interno, cerradura de alta seguridad y marco metálico anclado al muro (4 cm c/lado). Cuerpo fijo lateral de 0.30 m con vidrio templado polarizado tipo espejo y hoja abatible de 1.00 m. Acabado en pintura electrostática gris claro (30%) | D108: und | E108: 1 | G108: =+IFERROR(ROUND(F108*E108,0),0) -> 0
B109: 9.11 | C109: SUMINISTRO E INSTALACIÓN DE PUERTAS CORREDIZA TIPO ACORDEON x 1,85 x 2,10 m, COLOR ROVERE (cocineta), resane de vano, tipo acordeon con sistema de rodamiento, marcos y guardapolvos; ajuste, nivelación y correcta fijación; mano de obra calificada; transporte, acarreo de materiales, herramientas e insumos necesarios para su correcta instalación y funcionamiento. | D109: und | E109: 1 | G109: =+IFERROR(ROUND(F109*E109,0),0) -> 0
B110: 11 | C110: COMPONENTE ELECTRICO, TI Y SEGURIDAD, ABURRÁ NORTE | G110: =SUM(G112:G156) -> 0
B111: 11.1 | C111: Salidas electricas
B112: 11.1.2 | C112: Salida tomacorriente doble normal tipo levinton con polo a tierra, instalado en caja 12x12x5, sobrepuesto en muro; incluye, cable 3 No.12 THHN-THWN-LS, tubería EMT 3/4" (ambos 3 metros por salida), caja metálica 12x12x5 y aparato tipo Levitón 125V-15A, conectores auto desforre, marcación y demás elementos para su correcta instalación. | D112: und | E112: 42 | G112: =+IFERROR(ROUND(F112*E112,0),0) -> 0
...

Sheet AU
B1: =+'[1]INFORMACION GENERAL'!C3 -> Reparaciones locativas en la Unidad de Servicios Aburrá Norte, en el municipio de Bello, Antioquia. | H1: #VALUE!
B2: ANÁLISIS DESGLOSE DE LA ESTRUCTURA DEL PORCENTAJE DE ADMINISTRACIÓN | H2: COSTOS DIRECTOS: | L2: =+RESUMEN!D8 -> 0
H3: AU ESTIMADO : | L3: =IFERROR((+K65+K66),0) -> 0
H4: VALOR CONTRACTUAL | L4: =+RESUMEN!D13 -> 0
H5: PLAZO EN MESES: | L5: =+RESUMEN!C6 -> 7
B6: Item | C6: Nombre | D6: Unidad | E6: Duración | F6: Cant | G6: Dedicación | H6: Valor | I6: Aux Transporte | J6: Factor Prestacional | K6: Porcentaje sobre el contrato | L6: Subtotal
B7: 1 | C7: Personal de Admón. del Contrato
B8: 1.01 | C8: Director de Obra | D8: Mes | E8: =+$L$5 -> 7 | F8: 1 | G8: 0.3 | J8: 0.58293333 | L8: =ROUNDUP(((E8*G8*H8*F8*(1+J8))+(I8*E8)),0) -> 0
B9: 1.02 | C9: Residente obra civil | D9: Mes | E9: =+$L$5 -> 7 | F9: 1 | G9: 1 | J9: 0.58293333 | L9: =ROUNDUP(((E9*G9*H9*F9*(1+J9))+(I9*E9)),0) -> 0
B10: 1.03 | C10: Tecnólogo en Construcciones Civiles | D10: Mes | E10: =+$L$5 -> 7 | F10: 1 | G10: 0 | J10: 0.58293333 | L10: =ROUNDUP(((E10*G10*H10*F10*(1+J10))+(I10*E10)),0) -> 0
B11: 1.03 | C11: Tecnólogo SST/ Ambiental | D11: Mes | E11: =+$L$5 -> 7 | F11: 1 | G11: 1 | J11: 0.61593333 | L11: =ROUNDUP(((E11*G11*H11*F11*(1+J11))+(I11*E11)),0) -> 0
B12: 1.04 | C12: Profesional Socio Ambiental | D12: Mes | E12: =+$L$5 -> 7 | F12: 1 | G12: 0.75 | J12: 0.58293333 | L12: =ROUNDUP(((E12*G12*H12*F12*(1+J12))+(I12*E12)),0) -> 0
B13: 1.07 | C13: Tecnologo Electricista | D13: Mes | J13: =+[1]F.P!$D$38 -> 0.61593333 | L13: =ROUNDUP(((E13*G13*H13*F13*(1+J13))+(I13*E13)),0) -> 0
B14: 1.08 | C14: Ingeniero Electromecanico | D14: Mes | J14: =+[1]F.P!$D$38 -> 0.61593333 | L14: =ROUNDUP(((E14*G14*H14*F14*(1+J14))+(I14*E14)),0) -> 0
B15: 1.09 | C15: Residente Ambiental | D15: Mes | J15: =+[1]F.P!$D$38 -> 0.61593333 | L15: =ROUNDUP(((E15*G15*H15*F15*(1+J15))+(I15*E15)),0) -> 0
B16: 1.1 | J16: =+[1]F.P!$D$38 -> 0.61593333 | L16: =ROUNDUP(((E16*G16*H16*F16*(1+J16))+(I16*E16)),0) -> 0
L17: =ROUNDUP(((E17*G17*H17*F17*(1+J17))+(I17*E17)),0) -> 0
B18: 1.12 | C18: Profesional Social | D18: Mes | J18: =+[1]F.P!$D$38 -> 0.61593333 | L18: =ROUNDUP(((E18*G18*H18*F18*(1+J18))+(I18*E18)),0) -> 0
B19: 1.13 | C19: Almacenista | D19: Mes | E19: =+L5 -> 7 | H19: 2000000 | J19: =+[1]F.P!$D$38 -> 0.61593333 | L19: =ROUNDUP(((E19*G19*H19*F19*(1+J19))+(I19*E19)),0) -> 0
B20: 1.14 | C20: Oficial de construcción | D20: Mes | L20: =ROUNDUP(((E20*G20*H20*F20*(1+J20))+(I20*E20)),0) -> 0
B21: 1.15 | C21: Ayudante de construcción | D21: Mes | L21: =ROUNDUP(((E21*G21*H21*F21*(1+J21))+(I21*E21)),0) -> 0
B22: 1.16 | C22: Servicio de Mensajeria y acarreos perímetro urbano | D22: Mes | L22: =ROUNDUP(((E22*G22*H22*F22*(1+J22))+(I22*E22)),0) -> 0
B23: 1.17 | C23: Vigilancia | D23: Mes | L23: =ROUNDUP(((E23*G23*H23*F23*(1+J23))+(I23*E23)),0) -> 0
B24: 1.18 | C24: Comisión de Topografía | D24: Mes | L24: =ROUNDUP(((E24*G24*H24*F24*(1+J24))+(I24*E24)),0) -> 0
B25: 2 | C25: Instalaciones provisionales
B26: 2.01 | C26: Zona de acopio | D26: gl | E26: 1 | F26: 0 | H26: 4000000 | L26: =ROUNDUP((E26*H26*F26*(1+J26)),0) -> 0
B27: 2.02 | C27: Almacen | D27: gl | E27: 1 | F27: 0 | H27: 3000000 | L27: =ROUNDUP((E27*H27*F27*(1+J27)),0) -> 0
B28: 3.1 | C28: Campamento vestier empleados, (monte y desmonte) | D28: gl | H28: 2000000 | L28: =ROUNDUP((E28*H28*F28*(1+J28)),0) -> 0
B29: 2,3 | C29: Provisional de Energia | D29: un | H29: 450000 | L29: =ROUNDUP((E29*H29*F29*(1+J29)),0) -> 0
B30: 4.1 | C30: Provisional de Acueducto y Alcantarillado | D30: un | H30: 140000 | L30: =ROUNDUP((E30*H30*F30*(1+J30)),0) -> 0
B31: 2,4 | C31: Baños portátiles | D31: Mes | H31: =4*100000*1.19 -> 476000 | L31: =ROUNDUP((E31*H31*F31*(1+J31)),0) -> 0
B32: 3 | C32: Gastos administrativos
B33: 3.01 | C33: Gastos de papelería y permisos | D33: Mes | E33: =+$L$5 -> 7 | F33: 1 | L33: =+H33*E33*F33 -> 0
B34: 3.02 | C34: Computadores y software | D34: un/mes | E34: =+$L$5 -> 7 | F34: 4 | L34: =+H34*E34*F34 -> 0
B35: 3.03 | C35: Medio de comunicación (celular, Internet) | D35: un/mes | E35: =+$L$5 -> 7 | F35: 4 | L35: =+H35*E35*F35 -> 0
B36: 3.04 | C36: Mobiliario de oficina (4 puestos de trabajo + impresora) | D36: Un | E36: =+$L$5 -> 7 | F36: 1 | L36: =+H36*E36*F36 -> 0
B37: 3.05 | C37: Viacticos de transporte para director | D37: Mes | L37: =+H37*E37*F37 -> 0
B38: 3.06 | C38: Alojamiento y alimentación de personal | D38: Mes | L38: =+H38*E38*F38 -> 0
B39: 3.07 | C39: Transporte intermunicipal de equipo residente. | D39: Mes | L39: =+H39*E39*F39 -> 0
B40: 3.08 | C40: Desmonte de provisionales y adecuación final; Incluye Aseo y entrega de las areas en ocupación | D40: gl | L40: =+H40*E40*F40 -> 0
B41: 3.09 | C41: Ensayos de laboratorio (diseño de mezclas, resistencias del concreto, Proctor, densidades en campo, ensayos EM de soldadura, líquidos penetrantes, micras de pintura) | D41: gl | L41: =+H41*E41*F41 -> 0
B42: 3.05 | C42: Planos As Built | D42: gl | E42: 1 | F42: 1 | L42: =+H42*E42*F42 -> 0
B43: 3.06 | C43: Gastos oficina central | D43: Mes | E43: =+$L$5 -> 7 | F43: 1 | G43: 0.3 | L43: =E43*F43*G43*H43 -> 0
B44: 4 | C44: Recargos
B45: 4.1 | C45: Recargo Nocturno y Festivos | D45: gl | L45: =+H45*E45*F45 -> 0
B46: 5 | C46: Ambiental y Tránsito
B47: 5.01 | C47: Implementación de PMA + PMT | D47: gl | E47: 1 | F47: 1 | L47: =+H47*E47*F47 -> 0
B48: 5.02 | L48: =+H48*E48 -> 0
B49: 5.02 | L49: =+H49*E49 -> 0
B50: 5.03 | L50: =+H50*E50 -> 0
B51: 6 | C51: Seguridad Salud y Trabajo
B52: 6.01 | C52: Implementación de SST | D52: gl | E52: 1 | F52: 1 | L52: =+H52*E52*F52 -> 0
B53: 7 | C53: Cargos sobre el valor de la oferta
B54: 7.01 | C54: Impuesto del 4/1000 | D54: % | K54: 0.004 | L54: =ROUNDUP((K54*$L$4),0) -> 0
B55: 7.02 | C55: Rete ICA | D55: % | L55: =ROUNDUP((K55*$L$4),0) -> 0
B56: 7.03 | C56: Retenciones propias de Comfenalco (1%) | D56: % | L56: =ROUNDUP((K56*$L$4),0) -> 0
B57: 7.04 | C57: Retefuente por obras de construcción (2%) | D57: % | L57: =ROUNDUP((K57*$L$4),0) -> 0
B58: 7.05 | C58: FIC | D58: % | K58: 0.0025 | L58: =ROUNDUP((K58*$L$4),0) -> 0
B59: 7.06 | C59: TIMBRE | D59: %
B60: 8 | C60: Publicidad
B61: 9.1 | C61: Valla | D61: und | L61: =ROUNDUP((E61*H61*F61*(1+J61)),0) -> 0
D63: ADMINISTRACIÓN | K63: =IFERROR((+L63/L2),0) -> 0 | L63: =+SUM(L7:L62) -> 0
D64: CORRECCIÓN DECIMALES | L64: =(+L2*K65)-(L63) -> 0
D65: TOTAL COSTOS ADMINISTRACIÓN | K65: =+ROUNDUP((K63),4) -> 0 | L65: =+L63+L64 -> 0
D66: UTILIDAD | L66: =ROUND((+L2*K66),0) -> 0
D67: AU TOTAL | L67: =+L63+L66 -> 0
